 Dungeon Crawl Stone Soup version 0.28.0-43-g3370ac3207 (webtiles) character file.

Game seed: 17582300429166671453

4728 demenzo the Grappler (level 10, -7/96 HPs)
             Began as a Troll Cinder Acolyte on Mar 30, 2022.
             Was an Elder of Ignis.
             Mangled by Erica
             ... wielding a +1 scimitar of flaming
              (17 damage)
             ... on level 8 of the Dungeon.
             The game lasted 00:07:56 (6906 turns).

demenzo the Grappler (Troll Cinder Acolyte)         Turns: 6906, Time: 00:07:57

Health: -7/96      AC: 12    Str: 28    XL:     10   Next: 22%
Magic:  19/19      EV:  9    Int: 10    God:    Ignis [****..]
Gold:   462        SH:  0    Dex:  5    Spells: 11/11 levels left

rFire   . . .      SeeInvis .     - Unarmed
rCold   + . .      Faith    .   (no shield)
rNeg    . . .      Spirit   .   a - +0 robe
rPois   .          Reflect  .   (helmet restricted)
rElec   .          Harm     .   l - +0 cloak {rCorr}
rCorr   +          Rampage  .   (gloves unavailable)
Will    .....                   (boots unavailable)
Stlth   +.........              g - amulet of magic regeneration
HPRegen 1.06/turn               k - ring of ice
MPRegen 0.56/turn               m - ring of magical power

@: weak-willed, fiery-armoured, slowed, very slow
A: large, unfitting armour, claws 3, regeneration 1, shaggy fur 1, tough skin 1
a: Renounce Religion, Fiery Armour, Foxfire Swarm, Rising Flame


You were on level 8 of the Dungeon.
You worshipped Ignis.
Ignis was greatly pleased with you.
You visited 1 branch of the dungeon, and saw 8 of its levels.

You collected 462 gold pieces.

Inventory:

Hand Weapons
 J - a +1 shortbow
Missiles
 j - 195 stones (quivered)
 n - 2 boomerangs
 s - 42 sling bullets
 y - 23 poisoned darts
 E - 92 arrows
 K - 20 bolts
Armour
 a - a +0 robe (worn)
 l - a +0 cloak of preservation (worn)
Jewellery
 g - an amulet of magic regeneration (around neck)
 k - a ring of ice (left claw)
 m - a ring of magical power (right claw)
 z - a ring of resist corrosion
 B - a ring of magical power
Wands
 p - a wand of mindburst (5)
Scrolls
 d - a scroll of vulnerability
 e - a scroll of magic mapping
 o - 2 scrolls of blinking
 v - a scroll of identify
 A - a scroll of brand weapon {unknown}
 C - a scroll of enchant armour {unknown}
 D - a scroll of summoning {unknown}
 G - a scroll of fear {unknown}
 I - a scroll of immolation {unknown}
Potions
 b - 3 potions of attraction
 c - 3 potions of curing
 f - 2 potions of degeneration {unknown}
 h - a potion of mutation {unknown}
 q - 3 potions of heal wounds {unknown}
 r - 2 potions of flight {unknown}
 u - 2 potions of brilliance {unknown}
 w - a potion of magic {unknown}
 x - a potion of haste {unknown}
 F - a potion of berserk rage {unknown}
 H - 2 potions of might {unknown}


   Skills:
 + Level 5.3 Fighting
 * Level 14.1 Unarmed Combat
 - Level 1.0 Spellcasting
 - Level 2.1 Fire Magic


You had 11 spell levels left.
You didn't know any spells.
Your spell library contained the following spells:

 Spells                   Type           Power      Damage    Failure   Level
 Scorch                   Fire           8%         2d5       22%         2
 Apportation              Tloc           0%         N/A       34%         1
 Beastly Appendage        Tmut           0%         N/A       34%         1
 Wereblood                Tmut           0%         N/A       45%         2
 Call Canine Familiar     Summ           0%         N/A       71%         3
 Gell's Gravitas          Tloc           0%         N/A       71%         3
 Lesser Beckoning         Tloc           0%         N/A       71%         3
 Portal Projectile        Hex/Tloc       0%         N/A       71%         3
 Spider Form              Tmut/Pois      0%         N/A       71%         3
 Teleport Other           Tloc           0%         N/A       71%         3
 Leda's Liquefaction      Hex/Erth       0%         N/A       98%         4
 Alistair's Intoxication  Tmut/Pois      0%         N/A       100%        5


Dungeon Overview and Level Annotations

Branches:
Dungeon (8/15)             Temple (0/1) D:4
   Lair: D:8-11

Altars:
Dithmenos

Annotations:
D:5 1 runed translucent door, Selrock's ghost, novice KoBr
D:8 Erica


Innate Abilities, Weirdness & Mutations

You are too large for most types of armour.
You have claws for hands.
Your natural rate of healing is unusually fast.
You are covered in fur. (AC +1)
You have tough skin. (AC +1)


Message History

You hear some strange, mumbled words.
A lance of force appears from out of thin air!
The lance of force hits you!!
* * * LOW HITPOINT WARNING * * *
You are knocked back by the lance of force.
You feel sick.
You feel sick.
You hear some strange, mumbled words.
You feel yourself slow down.
It was a potion of curing.
You feel better.
Blink to where?
Press: ? - help, Dir - move target
As you read the scroll labelled BAEKKUIDOMPA, it crumbles to dust.
It was a scroll of blinking.
As you read the scroll labelled LAFOAG DUCUG, it crumbles to dust.
Magic quickly surges around you.
It was a scroll of vulnerability.
As you read the scroll labelled FOYWOI OREDD, it crumbles to dust.
You feel aware of your surroundings.
It was a scroll of magic mapping.
As you read the scroll labelled PUITHEOMMI, it crumbles to dust.
It is a scroll of identify.
b - 3 potions of attraction
As you read the scroll labelled YXE BOSELISKEYSENN, it crumbles to dust.
You hear a loud clanging noise!
It was a scroll of noise.
You hear a shout!
You hear some strange, mumbled words.
You feel as though you will be slow longer.
As you read the scroll labelled TETEAL CEAMA, it crumbles to dust.
It is a scroll of enchant weapon.
Your +0 shortbow glows red for a moment.
Something hits you!!
* * * LOW HITPOINT WARNING * * *
Something burns you.
* * * LOW HITPOINT WARNING * * *
Okay, then.
You feel better. Something hits you!
* * * LOW HITPOINT WARNING * * *
Something burns you.
* * * LOW HITPOINT WARNING * * *
Something hits you!
You die...

,,** #..............#
*,,,,,, ,**
#.)...........#*
*,,,,,, **
##............#
**,,,,,, *
##...........#
*,,,,,,, ##.........#*
*,,,,,,, ###†......#
*,>,,,,, #..######
*,,,,,,, #..# *,,,,,,,
*** #.@# **,,,,,, *,**
#..# ***,,,, *,,***
#..# ***** ,,,,,**
#..# ,,,,,,** #..#
,,,,,,,**######..#
,,,,,,,,*#.......###
,,,,,,,,,......#...##
##
,,,,,,,,,.########..##
####.


There were no monsters in sight!

Vanquished Creatures
  A two-headed ogre (D:7)
  A troll (D:7)
  Prince Ribbit (D:8)
  Sigmund (D:3)
  A wyvern (D:8)
  An orc warrior (D:5)
  2 ice beasts (D:7)
  4 sky beasts
  2 black bears
  2 necrophages
  3 centaurs
  An ogre (D:5)
  2 kobold brigands
  4 bullfrogs
  5 scorpions
  3 water moccasin zombies (D:4)
  A wyvern skeleton (D:6)
  A wight (D:7)
  4 howler monkeys
  4 bullfrog zombies (D:4)
  2 jellies (D:6)
  7 hounds
  2 orc priests
  A bullfrog skeleton (D:4)
  A gnoll shaman (D:7)
  Crazy Yiuf (D:2)
  An orc wizard (D:5)
  Ijyb (D:3)
  Terence (D:3)
  4 iguanas
  A scorpion zombie (D:4)
  3 hound zombies (D:4)
  A hound skeleton (D:4)
  2 howler monkey zombies (D:7)
  A howler monkey skeleton (D:4)
  12 adders
  3 white imps (D:6)
  2 ufetubi
  5 adder zombies (D:4)
  A dart slug (D:2)
  15 orcs
  6 bats
  8 endoplasms
  2 giant cockroaches
  5 goblins
  4 hobgoblins
  2 jackals (D:4)
  2 quokkas
  6 ball pythons
  3 frilled lizards (D:3)
  12 kobolds
  4 rats
165 creatures vanquished.

Vanquished Creatures (others)
  8 withered plants (D:4)
8 creatures vanquished.

Grand Total: 173 creatures vanquished

Notes
Turn   | Place    | Note
-------+----------+-------------------------------------------
     0 | D:1      | demenzo the Troll Cinder Acolyte began the quest for the
                  | Orb.
     0 | D:1      | Reached XP level 1. HP: 22/22 MP: 1/1
   390 | D:1      | Reached XP level 2. HP: 29/29 MP: 2/2
   909 | D:2      | Found a faded altar of an unknown god.
  1035 | D:2      | Reached XP level 3. HP: 30/36 MP: 3/3
  1038 | D:2      | Reached skill level 4 in Unarmed Combat
  1467 | D:2      | Reached XP level 4. HP: 37/45 MP: 4/4
  1555 | D:2      | Found a runed translucent door.
  1556 | D:2      | Noticed Crazy Yiuf
  1800 | D:2      | Killed Crazy Yiuf
  1801 | D:2      | Reached skill level 5 in Unarmed Combat
  1881 | D:3      | Noticed Sigmund
  2022 | D:3      | Killed Sigmund
  2023 | D:3      | Reached skill level 6 in Unarmed Combat
  2023 | D:3      | Reached XP level 5. HP: 46/53 MP: 5/5
  2042 | D:3      | Reached XP level 6. HP: 61/61 MP: 6/6
  2394 | D:3      | Noticed Ijyb
  2403 | D:3      | Killed Ijyb
  2489 | D:3      | Noticed Terence
  2494 | D:3      | Killed Terence
  3073 | D:4      | Reached skill level 7 in Unarmed Combat
  3119 | D:4      | Reached XP level 7. HP: 61/67 MP: 7/7
  3212 | D:4      | Reached skill level 8 in Unarmed Combat
  3296 | D:4      | Reached skill level 9 in Unarmed Combat
  3551 | D:4      | Found a staircase to the Ecumenical Temple.
  3595 | D:4      | Reached XP level 8. HP: 72/75 MP: 8/8
  3664 | D:5      | Entered Level 5 of the Dungeon
  3731 | D:5      | Found a runed translucent door.
  3731 | D:5      | Noticed Selrock's ghost (novice KoBr)
  3739 | D:5      | Reached skill level 10 in Unarmed Combat
  4262 | D:5      | Reached skill level 11 in Unarmed Combat
  4596 | D:6      | Reached XP level 9. HP: 71/81 MP: 9/9
  4630 | D:6      | Reached skill level 12 in Unarmed Combat
  5326 | D:7      | Noticed a troll
  5333 | D:7      | Killed a troll
  5334 | D:7      | Reached skill level 13 in Unarmed Combat
  5408 | D:7      | Found the +18 Lear's hauberk
  5636 | D:7      | Found a shadowy altar of Dithmenos.
  6544 | D:7      | Noticed a two-headed ogre
  6548 | D:7      | Killed a two-headed ogre
  6549 | D:7      | Reached skill level 5 in Fighting
  6549 | D:7      | Reached XP level 10. HP: 96/96 MP: 10/10
  6747 | D:8      | Noticed Prince Ribbit
  6759 | D:8      | Killed Prince Ribbit
  6760 | D:8      | Reached skill level 14 in Unarmed Combat
  6883 | D:8      | Noticed Erica
  6906 | D:8      | Mangled by Erica

Illustrated notes

Levels and vault maps discovered:
D:1:      nicolae_arrival_somewhat_less_tricky_arrival, layout_basic
D:2:      layout_loops_ring, basic_ecumenical_altar, uniq_crazy_yiuf_cottage
D:3:      layout_basic, uniq_ijyb, uniq_terence, uniq_sigmund
D:4:      layout_rooms, minmay_temple_entry_antechambers, serial_undead,
          serial_undead_f, serial_undead_f, serial_undead_f, serial_undead_f,
          serial_undead_c, serial_undead_f, serial_undead_c, serial_undead_c,
          st_stairs_10
D:5:      layout_cave_pools, gammafunk_ghost_grave, kennysheep_small_square
D:6:      layout_cave_pools, grunt_ministairs_15, lightli_orcish_oven
D:7:      layout_layer_cave, marbit_many_paths, nzn_random_ring
D:8:      layout_cave_pods, uniq_prince_ribbit1, uniq_erica, uniq_grum,
          uniq_psyche

Skill      XL: |  1  2  3  4  5  6  7  8  9 10 |
---------------+-------------------------------+-----
Unarmed Combat | 4 6 7 9 11 13 14 | 14.1
Fighting       | 3 5 |  5.3
Spellcasting   | |  1.0
Fire Magic     | |  2.1

Action                   |  1- 3 |  4- 6 |  7- 9 | 10-12 || total
-------------------------+-------+-------+-------+-------++-------
Melee: Unarmed           |    93 |    97 |   286 |    27 ||   503
       Punch             |       |     4 |    12 |       ||    16
Invok: Fiery Armour      |       |     1 |     2 |     1 ||     4
Evoke: Wand              |       |       |     2 |       ||     2
  Use: Scroll            |       |       |       |     6 ||     6
       Potion            |       |       |       |     2 ||     2
Armor: Robe              |    35 |    24 |   113 |     3 ||   175
Dodge: Dodged            |    38 |    34 |   117 |     5 ||   194
